 Dungeon Sprint DCSS version 0.26-a0-1033-gd598b01645 (webtiles) character file.

Game seed: 6108882102138078117

10761 mhtbhm the Bludgeoner (level 11, -2/127 HPs)
             Began as a Troll Berserker on Dec 10, 2020.
             Was the Champion of Trog.
             Slain by an orc knight
             ... wielding a +0 halberd
              (11 damage)
             ... in the Dungeon (Sprint IX: "|||||||||||||||||||||||||||||").
             The game lasted 00:04:25 (2075 turns).

mhtbhm the Bludgeoner (Troll Berserker)             Turns: 2075, Time: 00:04:26

Health: -2/127     AC:  9    Str: 30    XL:     11   Next: 40%
Magic:  10/10      EV: 14    Int:  9    God:    Trog [******]
Gold:   692        SH:  0    Dex:  9    Spells: 10/10 levels left

rFire    . . .     SeeInvis .   a - +7 giant spiked club "Rircheuh" {vorpal, *Rage Fragile rElec rN+++}
rCold    . . .     Faith    .   (shield currently unavailable)
rNeg     + + +     Spirit   .   b - +0 animal skin
rPois    .         Reflect  .   d - +0 hat {Int+3}
rElec    +         Harm     .   l - +0 cloak
rCorr    .         Rampage  .   (gloves unavailable)
Will     .....     Rnd*Rage +   (boots unavailable) Stlth ++........NoTele +
                                (no amulet)
HPRegen  0.71/turn              m - +2 ring of protection
MPRegen  0.12/turn              n - +3 ring of intelligence

@: berserk cooldown, slowed, very slow
A: large, unfitting armour, claws 3, regeneration 1, shaggy fur 1, tough skin 3
a: Berserk, Trog's Hand, Brothers in Arms, Renounce Religion


You were in the Dungeon.
You worshipped Trog.
Trog was exalted by your worship.
You visited 1 branch You collected 692 gold pieces.

Inventory:

Hand Weapons
 a - the +7 giant spiked club "Rircheuh" (weapon) {vorpal, *Rage Fragile rElec rN+++}
   (Trog gifted it to you in the Dungeon)

   It inflicts extra damage upon your enemies.
   It insulates you from electricity.
   It renders you almost immune to negative energy.
   It may make you go berserk in combat.
   It will be destroyed if unequipped.
 t - a +5 antimagic giant spiked club
Armour
 b - a +0 animal skin (worn)
 d - a +0 hat of intelligence (worn)
 l - a +0 cloak (worn)
Jewellery
 m - a +2 ring of protection (left claw)
 n - a +3 ring of intelligence (right claw)
Wands
 k - a wand of iceblast (9)
Scrolls
 h - a scroll of blinking
 j - 4 scrolls of remove curse
 p - 2 scrolls of fog
 s - a scroll of fear
Potions
 c - 10 potions of curing
 e - a potion of haste
 f - 4 potions of magic
 g - a potion of berserk rage
 i - a potion of invisibility
 o - a potion of might
 q - a potion of lignification
 r - a potion of mutation


   Skills:
 + Level 13.6 Fighting
 + Level 16.7 Maces & Flails
 + Level 11.3 Dodging
 + Level 3.3 Stealth
 + Level 0.7 Evocations


You had 10 spell levels left.
You didn't know any spells.
Your spell library was empty.

Dungeon Overview and Level Annotations

Branches:
Dungeon (1/1)

Altars:
Cheibriados
Dithmenos
Elyvilon
Fedhas
Gozag
Hepliaklqana
Kikubaaqudgha
Makhleb
Nemelex Xobeh
Okawaru
Qazlal
Ru
Sif Muna
Trog
Uskayaw
Vehumet
Wu Jian
Xom
Yredelemnul
Zin
The Shining One
Beogh
Jiyva
Lugonu


Innate Abilities, Weirdness & Mutations

You are too large for most types of armour.
You have claws for hands.
Your natural rate of healing is unusually fast.
You are covered in fur. (AC +1)
You have extremely tough skin. (AC +3)


Message History

You spit the orc knight like a pig!!!
The orc knight is almost dead.
The smoke demon gestures at you. Something smites you!
* * * LOW HITPOINT WARNING * * *
The orc knight hits you with a +0 halberd.
* * * LOW HITPOINT WARNING * * *
Okay, then.
As you read the scroll of fog, it crumbles to dust.
The scroll dissolves into smoke.
The orc knight roars a battlecry!
Unknown command.
Your cyclops goes berserk!
The sun demon disappears in a puff of smoke!
The orc knight hits you with a +0 halberd!!
* * * LOW HITPOINT WARNING * * *
Unknown command.
You swap places.
The orc knight hits you from afar with a +0 halberd!
You die...

▓▓▓▓▓▓▓▓▓▓▓▓▓▓▓▓▓▓▓▓▓▓▓▓▓
.'))))))))....§§@Coo§oo3o
▓▓▓▓▓▓▓▓▓▓▓▓▓▓▓▓▓▓▓▓▓▓▓▓▓▓▓▓▓▓▓▓▓
.................................
▓▓▓▓▓▓▓▓▓▓▓▓▓▓▓▓▓▓▓▓▓▓▓▓▓▓▓▓▓▓▓▓▓
......)§.Y........†).........'...
▓▓▓▓▓▓▓▓▓▓▓▓▓▓▓▓▓▓▓▓▓▓▓▓▓▓▓▓▓▓▓▓▓
.................................
▓▓▓▓▓▓▓▓▓▓▓▓▓▓▓▓▓▓▓▓▓▓▓▓▓▓▓▓▓▓▓▓▓
)...'________________________'.?)


You could see an orc knight and a friendly cyclops (summoned, berserk).

Vanquished Creatures
  Gastronok (D)
  2 hydras (D)
  A boulder beetle (D)
  2 death yaks (D)
  2 orc high priests (D)
  2 ugly things (D)
  An elephant (D)
  2 komodo dragons (D)
  4 yaks (D)
  2 water moccasins (D)
  2 orc warriors (D)
  A phantom (D)
  3 wolves (D)
  4 centaurs (D)
  3 bullfrogs (D)
  A scorpion (D)
  A hound (D)
  2 orc wizards (D)
  A worker ant (D)
  An adder zombie (D)
  12 orcs (D)
  A bat skeleton (D)
  A bat zombie (D)
  A hobgoblin (D)
  A jackal (D)
  A ball python (D)
  A ball python zombie (D)
  A frilled lizard (D)
  A kobold (D)
  A rat (D)
59 creatures vanquished.

Vanquished Creatures (collateral kills)
  A catoblepas (D)
  A cane toad (D)
  A komodo dragon (D)
  A basilisk (D)
  A water moccasin (D)
  A bullfrog (D)
6 creatures vanquished.

Vanquished Creatures (others)
  A yak (D)
1 creature vanquished.

Grand Total: 66 creatures vanquished

Notes
Turn   | Place    | Note
-------+----------+-------------------------------------------
     0 | D        | mhtbhm the Troll Berserker began the quest for the Orb.
     0 | D        | Reached XP level 1. HP: 22/22 MP: 0/0
    14 | D        | Reached skill level 3 in Maces & Flails
    17 | D        | Reached ** piety under Trog
    29 | D        | Noticed a centaur
    29 | D        | Noticed a centaur
    37 | D        | Killed a centaur
    37 | D        | Reached *** piety under Trog
    38 | D        | Reached skill level 5 in Maces & Flails
    38 | D        | Reached XP level 2. HP: 33/33 MP: 1/1
    38 | D        | Reached XP level 3. HP: 40/40 MP: 2/2
    38 | D        | Reached XP level 4. HP: 49/49 MP: 3/3
    45 | D        | Killed a centaur
    46 | D        | Reached skill level 5 in Fighting
    46 | D        | Reached skill level 6 in Maces & Flails
    46 | D        | Reached skill level 5 in Dodging
    46 | D        | Reached XP level 5. HP: 31/59 MP: 4/4
    53 | D        | Found a roughly hewn altar of Beogh.
    53 | D        | Found a snail-covered altar of Cheibriados.
    53 | D        | Found a shadowy altar of Dithmenos.
    53 | D        | Found a white marble altar of Elyvilon.
    53 | D        | Found a blossoming altar of Fedhas.
    53 | D        | Found an opulent altar of Gozag.
    54 | D        | Found a hazy altar of Hepliaklqana.
    55 | D        | Found a viscous altar of Jiyva.
    56 | D        | Found an ancient bone altar of Kikubaaqudgha.
    57 | D        | Found a corrupted altar of Lugonu.
    58 | D        | Found a burning altar of Makhleb.
    59 | D        | Found a sparkling altar of Nemelex Xobeh.
    60 | D        | Found an iron altar of Okawaru.
    61 | D        | Found a stormy altar of Qazlal.
    62 | D        | Found a sacrificial altar of Ru.
    63 | D        | Found a shimmering blue altar of Sif Muna.
    64 | D        | Found a bloodstained altar of Trog.
    65 | D        | Found a hide-covered altar of Uskayaw.
    66 | D        | Found a radiant altar of Vehumet.
    67 | D        | Found an ornate altar of the Wu Jian Council.
    68 | D        | Found a shimmering altar of Xom.
    69 | D        | Found a basalt altar of Yredelemnul.
    70 | D        | Found a glowing silver altar of Zin.
    71 | D        | Found a glowing golden altar of the Shining One.
   308 | D        | Noticed a centaur
   308 | D        | Noticed a phantom
   311 | D        | Reached **** piety under Trog
   312 | D        | Reached skill level 7 in Maces & Flails
   317 | D        | Reached XP level 6. HP: 68/68 MP: 5/5
   319 | D        | Reached skill level 8 in Maces & Flails
   363 | D        | Noticed a brown ugly thing
   363 | D        | Noticed a purple ugly thing
   376 | D        | Killed a brown ugly thing
   376 | D        | Reached ***** piety under Trog
   377 | D        | Reached skill level 10 in Maces & Flails
   377 | D        | Reached XP level 7. HP: 81/81 MP: 6/6
   380 | D        | Killed a purple ugly thing
   381 | D        | Reached XP level 8. HP: 92/92 MP: 7/7
   386 | D        | Reached skill level 11 in Maces & Flails
   390 | D        | Received a gift from Trog
   525 | D        | Noticed a komodo dragon
   525 | D        | Noticed a komodo dragon
   525 | D        | Noticed a komodo dragon
   529 | D        | Killed a komodo dragon
   531 | D        | Noticed a cane toad
   537 | D        | Killed a komodo dragon
   538 | D        | Reached skill level 10 in Fighting
   538 | D        | Reached skill level 12 in Maces & Flails
   538 | D        | Reached skill level 1 in Stealth
   541 | D        | Reached XP level 9. HP: 101/101 MP: 8/8
   547 | D        | Killed a komodo dragon
   550 | D        | Received a gift from Trog
   551 | D        | Killed a cane toad
   811 | D        | Noticed a boulder beetle
   811 | D        | Noticed a six-headed hydra
   811 | D        | Noticed an elephant
   812 | D        | Noticed a six-headed hydra
   834 | D        | Killed a boulder beetle
   835 | D        | Reached skill level 13 in Maces & Flails
   907 | D        | Killed a six-headed hydra
   908 | D        | Reached skill level 14 in Maces & Flails
   908 | D        | Reached XP level 10. HP: 114/114 MP: 9/9
   915 | D        | Killed an elephant
   916 | D        | Reached skill level 10 in Dodging
   926 | D        | Killed a six-headed hydra
   927 | D        | Reached skill level 15 in Maces & Flails
   940 | D        | Received a gift from Trog
  1071 | D        | Noticed a death yak
  1071 | D        | Noticed a death yak
  1071 | D        | Noticed a catoblepas
  1086 | D        | Killed a death yak
  1086 | D        | Reached ****** piety under Trog
  1434 | D        | Killed a death yak
  1478 | D        | Killed a catoblepas
  1796 | D        | Received a gift from Trog
  1802 | D        | Reached XP level 11. HP: 114/124 MP: 10/10
  1805 | D        | Got a fading giant spiked club {god gift}
  1806 | D        | Identified the +7 giant spiked club "Rircheuh" {vorpal,
                  | *Rage Fragile rElec rN+++} (Trog gifted it to you in the
                  | Dungeon)
  1885 | D        | Noticed Gastronok
  1894 | D        | Killed Gastronok
  1895 | D        | Reached skill level 16 in Maces & Flails
  1971 | D        | Received a gift from Trog
  1994 | D        | Received a gift from Trog
  2048 | D        | Noticed an orc high priest
  2048 | D        | Noticed an orc high priest
  2048 | D        | Noticed an orc knight
  2056 | D        | Noticed an orc sorcerer
  2059 | D        | Noticed a sun demon
  2059 | D        | Paralysed by a chaos spawn for 2 turns
  2062 | D        | Killed an orc high priest
  2063 | D        | Noticed a soul eater
  2069 | D        | Killed an orc high priest
  2075 | D        | Slain by an orc knight

Illustrated notes

Levels and vault maps discovered:
D:        linesprint [early_d, line_temple, items_1, d_10, items_2, lair_1,
          lair_end, items_3, orc_1, orc_end, items_4, d_15, swamp_1, shoals_1,
          snake_1, spider_1, d_20, vaults_1, items_5, swamp_end, shoals_end,
          snake_end, spider_end, vaults_end, d_27, items_6, zot_1, zot_end,
          crypt_end, forest_end, elf_end, slime_end, tomb_end, abyss_end,
          pan_hell_end]

Skill      XL: |  1  2  3  4  5  6  7  8  9 10 11 |
---------------+----------------------------------+-----
Maces & Flails | 5 6 7 10 12 14 15 16 | 16.7
Fighting       | 4 5 6 8 9 10 11 12 13 | 13.6
Dodging        | 4 5 6 8 9 10 11 | 11.3
Stealth        | 1 2 3 |  3.3
Evocations     | |  0.7

Action                   |  1- 3 |  4- 6 |  7- 9 | 10-12 || total
-------------------------+-------+-------+-------+-------++-------
Melee: Mace              |    23 |     9 |       |       ||    32
       Dire flail        |       |    28 |    52 |    84 ||   164
       Giant spiked club |       |       |       |    44 ||    44
Invok: Berserk           |     1 |     2 |     3 |     5 ||    11
       Brothers in Arms  |       |       |     1 |     2 ||     3
Evoke: Wand              |       |       |       |     1 ||     1
  Use: Potion            |       |       |       |     3 ||     3
       Scroll            |       |       |       |     2 ||     2
 Stab: Petrified         |       |       |       |     3 ||     3
Armor: Animal skin       |     8 |     9 |    12 |    37 ||    66
Dodge: Dodged            |    11 |     8 |    28 |    35 ||    82

Table legend: (Time is in decaauts)
 A = Elapsed time spent in this place.
 B = Non-inter-level travel time spent in this place.
 C = Inter-level travel time spent in this place.
 D = Time resting spent in this place.
 E = Time spent auto-exploring this place.
 F = Levels seen in this place.
 G = Mean time per level.
                   A        B        C        D        E       F      G
               +--------+--------+--------+--------+--------+-----+--------+
         Total |   2096 |   2096 |      0 |   1223 |    125 |   1 | 2096.0 |
       Dungeon |   2096 |   2096 |      0 |   1223 |    125 |   1 | 2096.0 |
               +--------+--------+--------+--------+--------+-----+--------+

Top non-repeatable levels by time:
       D: 2096 daAuts
